 Dungeon Crawl Stone Soup version 0.22-a0-38-gc6ec8ce517 (webtiles) character file.

282 Kaname the Conjurer (level 6, 22/41 HPs)
             Began as a Demonspawn Wizard on Jan 4, 2018.
             Quit the game on level 3 of the Dungeon.
             The game lasted 00:06:13 (2230 turns).

Kaname the Conjurer (Demonspawn Wizard)             Turns: 2230, Time: 00:06:13

Health: 22/41      AC:  5    Str:  7    XL:     6   Next: 6%
Magic:  7/19       EV: 12    Int: 22    God:
Gold:   148        SH:  0    Dex: 11    Spells: 2/11 levels left

rFire    . . .     SeeInvis .   j - +1 hand axe (elec)
rCold    . . .     Gourm    .   (no shield)
rNeg     . . .     Faith    .   a - +0 robe
rPois    +         Spirit   .   b - +0 hat
rElec    .         Reflect  .   f - scarf {cloud immunity}
rCorr    .         Harm     .   k - +0 pair of gloves
MR       .....                  (no boots)
Stlth    ++........             (no amulet)
HPRegen  0.13/turn              l - ring of poison resistance
MPRegen  0.16/turn              r - ring of magical power

@: no status effects
A: horns 1, yellow scales 1
a: no special abilities


You were on level 3 of the Dungeon.
You were not hungry.

You visited 1 branch of the dungeon, and saw 3 of its levels.

You collected 148 gold pieces.

Inventory:

Hand Weapons
 j - a +1 hand axe of electrocution (weapon)
Missiles
 g - 8 javelins (quivered)
 o - 19 arrows
Armour
 a - a +0 robe (worn)
 b - a +0 hat (worn)
 f - a scarf of cloud immunity (worn)
 k - a +0 pair of gloves (worn)
Jewellery
 l - a ring of poison resistance (left hand)
 r - a ring of magical power (right hand)
Scrolls
 c - a scroll of immolation {unknown}
 e - 2 scrolls of teleportation {unknown}
 i - 2 scrolls of amnesia {unknown}
 m - a scroll of fear {unknown}
 n - 4 scrolls of identify {unknown}
 p - 6 scrolls of remove curse {unknown}
 u - a scroll of fog {unknown}
Potions
 h - a potion of flight {unknown}
 q - a potion of brilliance {unknown}
 t - a potion of heal wounds {unknown}
Comestibles
 d - 6 rations
 s - 3 chunks of flesh


   Skills:
 - Level 1.7 Dodging
 - Level 1.7 Stealth
 - Level 3.0 Spellcasting
 - Level 5.0 Conjurations
   Level 1.0 Summonings
 - Level 1.1 Translocations
 - Level 1.0 Air Magic
 + Level 2.8 Poison Magic


You had 2 spell levels left.
You knew the following spells:

 Your Spells              Type           Power        Failure   Level  Hunger
a - Magic Dart            Conj           ####         1%          1    None
b - Blink                 Tloc           N/A          12%         2    ##.....
c - Mephitic Cloud        Conj/Pois/Air  ###.....     11%         3    ###....
d - Conjure Flame         Conj/Fire      ##......     13%         3    ###....


Dungeon Overview and Level Annotations

Branches:
Dungeon (3/15)

Altars:
Ru
Zin


Innate Abilities, Weirdness & Mutations

You have a pair of small horns on your head.
You are partially covered in yellow scales. (AC +2)


Message History

The orc wizard flickers and vanishes!
Deactivating autopickup; reactivate with Ctrl-A.
You see here 2 tomahawks.
You miss something. Something hits you.
You closely miss something.
You feel less confused. Something hits you.
You barely miss something. Something hits you but does no damage.
Something hits you.
You barely miss something. Something hits you.
You miss something. Something barely misses you.
You hit something but do no damage. Lightning courses through something!
Reactivating autopickup.
You have reached level 6!
Your experience leads to an increase in your attributes!
Increase (S)trength, (I)ntelligence, or (D)exterity?
You feel clever.
Your demonic ancestry asserts itself...
Yellow scales grow over part of your body.
You feel a bit more experienced.
Are you sure you want to abandon this character and quit the game? (Confirm with "yes".)

#..<....#...#.#
######..#.#.#.#
#..#.#.#.#
#........#
####.##### #)#
#.# ########.#
#..o@....#
...).########
.#)


You could see an orc.

Vanquished Creatures
  2 orc wizards (D:3)
  7 gnolls
  8 adders
  2 oozes (D:1)
  2 worms (D:3)
  3 dart slugs
  A leopard gecko (D:3)
  16 orcs (D:3)
  A giant cockroach (D:3)
  4 goblins
  3 hobgoblins
  2 jackals (D:2)
  2 bats (D:3)
  2 frilled lizards (D:3)
  5 kobolds
  5 rats
65 creatures vanquished.

Notes
Turn   | Place    | Note
-------+----------+-------------------------------------------
     0 | D:1      | Kaname the Demonspawn Wizard began the quest for the Orb.
     0 | D:1      | Reached XP level 1. HP: 13/13 MP: 4/4
   198 | D:1      | Reached skill level 2 in Conjurations
   198 | D:1      | Gained mutation: You have a pair of small horns on your head. [demonic ancestry]
   198 | D:1      | Reached XP level 2. HP: 11/19 MP: 0/6
   515 | D:2      | Learned a level 2 spell: Blink
   555 | D:2      | Found a glowing silver altar of Zin.
   641 | D:2      | Reached skill level 3 in Conjurations
   641 | D:2      | Reached XP level 3. HP: 23/24 MP: 7/7
   667 | D:2      | Learned a level 3 spell: Mephitic Cloud
   701 | D:2      | Reached skill level 1 in Translocations
   926 | D:2      | Reached skill level 1 in Poison Magic
  1076 | D:2      | Reached XP level 4. HP: 30/30 MP: 0/8
  1082 | D:2      | Learned a level 3 spell: Conjure Flame
  1186 | D:2      | Found a sacrificial altar of Ru.
  1599 | D:3      | Reached skill level 4 in Conjurations
  1699 | D:3      | Reached skill level 1 in Air Magic
  1843 | D:3      | Reached XP level 5. HP: 32/35 MP: 9/9
  1974 | D:3      | Reached skill level 5 in Conjurations
  2229 | D:3      | Gained mutation: You are partially covered in yellow scales. (AC +2) [demonic ancestry]
  2229 | D:3      | Reached XP level 6. HP: 22/41 MP: 7/10
  2230 | D:3      | Quit the game

Vault maps used:
D:1:      zaba_arrival_water, minmay_distorted
D:2:      nicolae_ru_the_path_less_chosen, zin_treasury, first_ration

Skill      XL: |  1  2  3  4  5 |
---------------+----------------+-----
Conjurations   | 2 3 4 5 |  5.0
Translocations | 1 |  1.1
Poison Magic   | 1 2 |  2.8
Air Magic      | 1 |  1.0
Dodging        | |  1.7
Stealth        | |  1.7
Spellcasting   | |  3.0
Summonings     | |  1.0

Action                   |  1- 3 |  4- 6 || total
-------------------------+-------+-------++-------
Melee: Unarmed           |     4 |       ||     4
       Hand axe          |    36 |    44 ||    80
       Headbutt          |     2 |     3 ||     5
 Cast: Magic Dart        |    36 |    96 ||   132
 Stab: Sleeping          |     2 |     1 ||     3
       Distracted        |       |     1 ||     1
  Eat: Chunk             |       |     4 ||     4
Armor: Robe              |     6 |     3 ||     9
Dodge: Dodged            |    31 |    32 ||    63

Table legend:
 A = Spawn XP
 B = Non-spawn XP
 C = Spawn XP percentage of total XP
 D = Spawn monster count
 E = Non-spawn monster count
 F = Spawn count percentage of total count
 G = Total turns spent on level
                    A         B        C        D         E        F      G
               +---------+---------+-------+---------+---------+-------+---------
         Total |       0 |     403 |   0.0 |       0 |      65 |   0.0 |  2230
               +---------+---------+-------+---------+---------+-------+---------
           D:1 |       0 |      24 |   0.0 |       0 |      10 |   0.0 |   511
           D:2 |       0 |      91 |   0.0 |       0 |      15 |   0.0 |  1044
           D:3 |       0 |     288 |   0.0 |       0 |      40 |   0.0 |   675
               +---------+---------+-------+---------+---------+-------+---------
